 Dungeon Crawl Stone Soup version 0.30-a0-743-gbfdf073431 (webtiles) character file.

Game seed: 58422029077386327

4206 hbarley the Cleaver (level 10, -3/79 HPs)
             Began as a Hill Orc Fighter on Feb 7, 2023.
             Was a Believer of Hepliaklqana.
             Slain by a two-headed ogre
             ... wielding a +0 giant club
              (9 damage)
             ... on level 9 of the Dungeon.
             The game lasted 00:15:05 (7622 turns).

hbarley the Cleaver (Hill Orc Fighter)              Turns: 7622, Time: 00:15:06

Health: -3/79      AC: 10    Str: 22    XL:     10   Next: 29%
Magic:  10/10      EV: 17    Int: 15    God:    Hepliaklqana [**....]
Gold:   625        SH:  5    Dex: 12    Spells: 9/9 levels left

rFire   . . .      SeeInvis .    N - +0 hand axe (elec)
rCold   x . .      Faith    +    c - +0 buckler
rNeg    . . .      Spirit   .    y - +3 leather armour
rPois   .          Reflect  .    (no helmet)
rElec   +          Harm     .    p - +0 cloak
rCorr   .          Rampage  .    K - +0 pair of gloves
Will    .....                    i - +0 pair of boots
Stlth   ++                       m - amulet of faith
HPRegen 0.33/turn                P - ring of Ucasah {rElec rC- Will- Int+7 Slay+4}
MPRegen 0.12/turn                w - +5 ring of evasion

@: no status effects
A: reduced essence
a: Renounce Religion, Recall Ancestor, Ancestor Identity


You were on level 9 of the Dungeon.
You worshipped Hepliaklqana.
Hepliaklqana was pleased with you.
You visited 2 branches of the dungeon, and saw 10 of its levels.
You also visited: Ossuary.

You collected 625 gold pieces.

Inventory:

Hand Weapons
 a - a +0 war axe
 N - a +0 hand axe of electrocution (weapon)
Missiles
 q - 10 poisoned darts (quivered)
Armour
 b - a +0 scale mail
 c - a +0 buckler (worn)
 i - a +0 pair of boots (worn)
 p - a +0 cloak (worn)
 y - a +3 leather armour (worn)
 K - a +0 pair of gloves (worn)
Jewellery
 m - an amulet of faith (around neck)
 r - a +6 ring of intelligence
 w - a +5 ring of evasion (right hand)
 M - a ring of ice
 P - the ring of Ucasah (left hand) {rElec rC- Will- Int+7 Slay+4}
   (You found it on level 8 of the Dungeon)

   [ring of slaying]

   Int:       It affects your intelligence (+7).
   Slay:      It affects your accuracy & damage with ranged weapons and melee
   (+4).
   rC:        It makes you vulnerable to cold.
   rElec:     It insulates you from electricity.
   Will:      It decreases your willpower.
 R - a ring of resist corrosion
Wands
 u - a wand of quicksilver (6)
 E - a wand of charming (9)
Scrolls
 f - a scroll of noise {unknown}
 g - 3 scrolls of enchant armour {unknown}
 h - a scroll of brand weapon {unknown}
 k - a scroll of butterflies {unknown}
 l - 3 scrolls of teleportation {unknown}
 o - 8 scrolls of identify {unknown}
 A - a scroll of fear {unknown}
 B - 2 scrolls of fog {unknown}
 C - a scroll of poison {unknown}
 D - a scroll of blinking {unknown}
 G - 2 scrolls of magic mapping {unknown}
 H - 2 scrolls of amnesia {unknown}
 I - 3 scrolls of vulnerability {unknown}
 O - a scroll of silence {unknown}
 Q - a scroll of immolation {unknown}
Potions
 d - 5 potions of might
 e - a potion of ambrosia {unknown}
 j - 2 potions of lignification {unknown}
 n - a potion of degeneration {unknown}
 s - a potion of haste {unknown}
 t - a potion of curing {unknown}
 v - 3 potions of heal wounds {unknown}
 x - a potion of magic {unknown}
 z - a potion of cancellation {unknown}
 F - 2 potions of attraction {unknown}
 J - 5 potions of invisibility {unknown}
 L - a potion of brilliance {unknown}


   Skills:
 + Level 8.3 Fighting
 + Level 13.2 Axes
 + Level 1.2 Throwing
 + Level 5.4 Armour
 + Level 3.7 Dodging
 + Level 3.0 Stealth
 + Level 5.7 Shields


You had 9 spell levels left.
You didn't know any spells.
Your spell library contained the following spells:

 Spells                   Type           Power      Damage    Failure   Level
 Apportation              Tloc           0%         N/A       36%         1
 Magic Dart               Conj           0%         1d3       36%         1
 Necrotise                Necr           0%         1d4       36%         1
 Summon Small Mammal      Summ           0%         N/A       36%         1
 Call Imp                 Summ           0%         N/A       52%         2
 Mephitic Cloud           Conj/Pois/Air  0%         N/A       75%         3


Dungeon Overview and Level Annotations

Branches:
Dungeon (9/15)             Temple (1/1) D:6            Lair (0/5) D:8
Ossuary (visited)
    Orc: D:9-12

Altars:
Ashenzari
Cheibriados
Elyvilon
Fedhas
Gozag
Hepliaklqana
Kikubaaqudgha
Makhleb
Nemelex Xobeh
Okawaru
Qazlal
Ru
Sif Muna
Trog
Uskayaw
Vehumet
Wu Jian
Xom
Yredelemnul
Zin
The Shining One

Annotations:
D:5 3 runed translucent doors, yumyumyeen's ghost, novice GnHu
D:8 exclusion: statue


Message History

The arrow barely misses you.
The centaur shoots an arrow.
The arrow hits you but does no damage.
Something hits Skitterstep!!
Something closely misses Skitterstep.
The centaur shoots an arrow.
The arrow hits you but does no damage.
You hear a shout!
Things that are here:
a scroll labelled HUT XELUTIPLACS; a hornet corpse You hear an angry hiss.
The centaur unwields a +0 shortbow.
The centaur hits you but does no damage.
The centaur closely misses you.
The two-headed ogre hits you with a +0 giant club.
The two-headed ogre barely misses you.
A gnoll sergeant comes into view. It is wielding a +0 trident of venom.
The centaur completely misses you. The centaur misses you.
You barely miss the two-headed ogre. You hit the centaur but do no damage.
You feel yourself speed up. The centaur closely misses you.
The centaur misses you.
The gnoll sergeant hits you from afar with a +0 trident of venom.
* * * LOW HITPOINT WARNING * * *
You slash the two-headed ogre!
The two-headed ogre is lightly wounded.
You hit the centaur. The centaur closely misses you.
The centaur kicks you but does no damage.
The two-headed ogre completely misses you.
The two-headed ogre hits you with a +0 giant spiked club!
* * * LOW HITPOINT WARNING * * *
The gnoll sergeant completely misses you.
You barely miss the two-headed ogre.
The two-headed ogre is lightly wounded.
You barely miss the centaur. The centaur closely misses you.
The centaur kicks you but does no damage.
You hit the two-headed ogre.
Lightning courses through the two-headed ogre!
The two-headed ogre is heavily wounded.
You barely miss the centaur. The centaur completely misses you.
The centaur kicks you but does no damage.
The two-headed ogre misses you.
The two-headed ogre hits you with a +0 giant spiked club!
You die...

........... .#.# #...........
#.#.# #........... #.#.#
#........... #.#.# ##...........
#.#.# ###..........[.
#g#.#.##.....###'#R#
#c#O#?#.....##..#.#
#@#R##........##.#
##?#.#.#.#..####.#
####################..#...## #(#
...))).........##........######.#
######..#.###.....###...........#
#...........>...............
#..#.###..########.#####.#.#
#..#.# #..# #.# #.#.#
####..#.###..# #.# #.#..


You could see a two-headed ogre, a gnoll sergeant and a centaur.

Vanquished Creatures
  A hornet (D:9)
  A wyvern (D:9)
  6 yaks
  A wraith (D:9)
  2 steam dragons
  2 orc warriors
  4 black bears
  A centaur (D:8)
  A necrophage (D:4)
  3 bullfrogs
  A scorpion (D:7)
  3 wights (D:8)
  3 killer bees (D:9)
  2 centaur zombies (Ossuary)
  2 hounds (D:6)
  2 jellies
  3 orc priests
  A gnoll bouda (D:7)
  2 human zombies (Ossuary)
  An iguana (D:5)
  An orc wizard (D:6)
  3 mummies (Ossuary)
  8 gnolls
  3 adders
  2 white imps
  5 adder zombies (Ossuary)
  A dart slug (D:3)
  18 orcs
  8 bats
  3 endoplasms
  A giant cockroach (D:1)
  3 gnoll zombies (Ossuary)
  8 goblins
  6 hobgoblins
  2 jackals (D:1)
  4 kobolds
  3 quokkas
  2 ball pythons
  2 frilled lizards
  2 goblin zombies (Ossuary)
  3 hobgoblin zombies (Ossuary)
  2 jackal zombies (Ossuary)
  3 kobold zombies (Ossuary)
  3 orc zombies (Ossuary)
  5 quokka zombies (Ossuary)
  4 rats
  2 rat zombies (Ossuary)
149 creatures vanquished.

Vanquished Creatures (collateral kills)
  A komodo dragon (D:8)
  An orc warrior (D:8)
  An elf zombie (Ossuary)
  2 wights (D:8)
  A killer bee (D:9)
  A centaur zombie (Ossuary)
  4 orc wizards (D:8)
  3 orcs (D:8)
  An orc zombie (Ossuary)
  A quokka zombie (Ossuary)
16 creatures vanquished.

Vanquished Creatures (others)
  5 plants (D:8)
5 creatures vanquished.

Grand Total: 170 creatures vanquished

Notes
Turn   | Place    | Note
-------+----------+-------------------------------------------
     0 | D:1      | hbarley the Hill Orc Fighter began the quest for the Orb.
     0 | D:1      | Reached XP level 1. HP: 19/19 MP: 1/1
   191 | D:1      | Found a faded altar of an unknown god.
   308 | D:1      | Reached XP level 2. HP: 27/27 MP: 2/2
   563 | D:1      | Reached skill level 3 in Axes
   573 | D:1      | Reached XP level 3. HP: 25/33 MP: 3/3
   871 | D:2      | Found a shimmering blue altar of Sif Muna.
  1642 | D:3      | Found an iron altar of Okawaru.
  1769 | D:3      | Reached XP level 4. HP: 21/41 MP: 4/4
  2194 | D:3      | You fall into a shaft and drop 3 floors!
  2197 | D:6      | Noticed a bullfrog
  2203 | D:6      | Noticed a black bear
  2215 | D:6      | Killed a bullfrog
  2215 | D:6      | Killed a black bear
  2216 | D:6      | Reached skill level 5 in Axes
  2216 | D:6      | Reached skill level 1 in Dodging
  2216 | D:6      | Reached XP level 5. HP: 10/47 MP: 5/5
  2216 | D:6      | Reached XP level 6. HP: 12/55 MP: 6/6
  2381 | D:6      | Found an ancient bone altar of Kikubaaqudgha.
  2389 | D:6      | Identified the +1 robe of Grim Divine Compulsion {Dex+6}
  2701 | D:5      | Entered Level 5 of the Dungeon
  3028 | D:3      | Found a broken altar of Ashenzari.
  3092 | D:4      | Noticed a black bear
  3103 | D:4      | Killed a black bear
  3104 | D:4      | Reached skill level 5 in Fighting
  3104 | D:4      | Reached skill level 6 in Axes
  3235 | D:4      | Reached skill level 5 in Armour
  3235 | D:4      | Reached XP level 7. HP: 61/61 MP: 7/7
  3852 | D:5      | Reached skill level 7 in Axes
  4066 | D:5      | Found a basalt altar of Yredelemnul.
  4080 | D:5      | Found a runed translucent gate.
  4080 | D:5      | Found a runed translucent gate.
  4080 | D:5      | Found a runed translucent gate.
  4080 | D:5      | Found an opulent altar of Gozag.
  4080 | D:5      | Noticed a troll
  4082 | D:5      | Noticed yumyumyeen's ghost (novice GnHu)
  4615 | D:6      | Found a staircase to the Ecumenical Temple.
  4621 | Temple   | Entered the Ecumenical Temple
  4628 | Temple   | Became a worshipper of Hepliaklqana the Forgotten
  5137 | D:7      | Reached skill level 1 in Stealth
  5205 | D:7      | Reached skill level 8 in Axes
  5205 | D:7      | Reached XP level 8. HP: 60/69 MP: 8/8
  5342 | D:7      | Found a sand-covered staircase.
  5346 | Ossuary  | Entered an ossuary
  5424 | Ossuary  | Reached * piety under Hepliaklqana
  5469 | Ossuary  | Reached skill level 9 in Axes
  5983 | D:8      | Noticed a yak
  5983 | D:8      | Noticed a yak
  5983 | D:8      | Noticed a yak
  5984 | D:8      | Noticed a yak
  5984 | D:8      | Noticed a yak
  5984 | D:8      | Noticed a yak
  5996 | D:7      | Killed a yak
  5997 | D:7      | Reached skill level 10 in Axes
  6054 | D:7      | Killed a yak
  6055 | D:7      | Reached XP level 9. HP: 58/70 MP: 9/9
  6060 | D:7      | Reached skill level 11 in Axes
  6182 | D:8      | Reached skill level 1 in Throwing
  6263 | D:8      | Reached skill level 12 in Axes
  6289 | D:8      | Reached skill level 5 in Shields
  6407 | D:8      | Identified the ring of Ucasah {rElec rC- Will- Int+7
                  | Slay+4}
  6748 | D:8      | Found a staircase to the Lair.
  6749 | D:8      | Noticed a komodo dragon
  6771 | D:8      | Killed a komodo dragon
  6772 | D:8      | Reached XP level 10. HP: 54/79 MP: 10/10
  6950 | D:8      | Found a radiant altar of Vehumet.
  7222 | D:9      | Reached ** piety under Hepliaklqana
  7223 | D:9      | Remembered your ancestor Skitterstep as a battlemage
  7243 | D:9      | Reached skill level 13 in Axes
  7616 | D:9      | Noticed a two-headed ogre
  7622 | D:9      | Slain by a two-headed ogre

Illustrated notes

Levels and vault maps discovered:
D:1:      scummos_arrival_hexagon, layout_basic,
          chequers_ecumenical_altar_island
D:2:      layout_basic, basic_altar
D:3:      layout_loops_ring, hellmonk_okawaru_the_only_friend_you_need,
          mainiacjoe_overflow_brackets, minmay_fractal_squares_diagonal_5
D:4:      layout_cave_pools
D:5:      layout_cave_pools, kennysheep_mini, ebering_ghost_gozag
D:6:      layout_basic, overflow_temple_1_default, minmay_temple_entry_fiery
D:7:      layout_loops_cross, nicolae_ossuary_entry_false_entrances
D:8:      layout_cave_pools, vehumet_statue, david_lair_shrubbed
D:9:      minmay_imperfect_grid, layout_basic,
          kennysheep_orc_monster_closet_entryway, enter_bailey_4,
          grunt_ministairs_11, statue_in_the_mist_lemuel, uniq_erolcha
Temple:   nicolae_temple_no_exploring_needed

Skill      XL: |  1  2  3  4  5  6  7  8  9 10 |
---------------+-------------------------------+-----
Fighting       | 4 5 6 7 8 |  8.3
Axes           | 3 5 6 8 10 12 13 | 13.2
Armour         | 4 5 |  5.4
Dodging        | 1 2 3 |  3.7
Shields        | 4 5 |  5.7
Stealth        | 1 2 3 |  3.0
Throwing       | 1 |  1.2

Action                     |  1- 3 |  4- 6 |  7- 9 | 10-12 || total
---------------------------+-------+-------+-------+-------++-------
  Melee: War axe           |    86 |   104 |   250 |       ||   440
         Hand axe          |       |       |    30 |    36 ||    66
  Throw: Dart              |       |       |     6 |       ||     6
 Invoke: Ancestor Identity |       |       |     1 |       ||     1
         Ancestor Life: Ba |       |       |       |     1 ||     1
   Stab: Sleeping          |       |       |     3 |     1 ||     4
         Distracted        |       |       |     4 |     1 ||     5
 Armour: Scale mail        |    37 |    69 |       |       ||   106
         Leather armour    |       |     1 |    84 |    11 ||    96
  Dodge: Dodged            |    56 |    56 |   250 |    24 ||   386
  Block: Buckler           |    23 |    37 |    78 |     6 ||   144

Table legend: (Time is in decaauts)
 A = Elapsed time spent in this place.
 B = Non-inter-level travel time spent in this place.
 C = Inter-level travel time spent in this place.
 D = Time resting spent in this place.
 E = Time spent auto-exploring this place.
 F = Levels seen in this place.
 G = Mean time per level.
                   A        B        C        D        E       F      G
               +--------+--------+--------+--------+--------+-----+--------+
         Total |   7697 |   7243 |    454 |    292 |   5706 |  11 |  699.7 |
       Dungeon |   7308 |   6865 |    443 |    292 |   5513 |   9 |  812.0 |
        Temple |     14 |      3 |     11 |      0 |      0 |   1 |   14.0 |
       Ossuary |    374 |    374 |      0 |      0 |    193 |   1 |  374.0 |
               +--------+--------+--------+--------+--------+-----+--------+

Top non-repeatable levels by time:
     D:6: 1117 daAuts
     D:7: 1015 daAuts
     D:8: 968 daAuts
     D:2: 963 daAuts
     D:3: 940 daAuts
     D:1: 681 daAuts
     D:4: 591 daAuts
     D:5: 552 daAuts
     D:9: 478 daAuts
 Ossuary: 374 daAuts
  Temple: 14 daAuts
